 Dungeon Crawl Stone Soup version 0.23.1 (webtiles) character file.

Game seed: 0

556271 vishdafish the Brawler (level 26, -17/205 (209) HPs)
             Began as a Gnoll Fighter on Mar 15, 2019.
             Was the Champion of Dithmenos.
             Demolished by an ettin
             ... wielding a +2 dire flail of crushing
              (44 damage)
             ... on level 1 of the Realm of Zot on Mar 16, 2019.
             The game lasted 02:59:07 (70672 turns).

vishdafish the Brawler (Gnoll Fighter)             Turns: 70672, Time: 02:59:07

HP:   -17/205 (209) AC: 38    Str: 32    XL:     26   Next: 48%
MP:   0/34          EV: 27    Int: 15    God:    Dithmenos [******]
Gold: 1449          SH: 24    Dex: 26    Spells: 28/58 levels left

rFire    + + .     SeeInvis +   q - +9 double sword (chaos)
rCold    . . .     Gourm    .   O - +2 shield
rNeg     + . .     Faith    .   a - +6 scale mail of Waqab {rF++ Dex+4 Slay+2}
rPois    +         Spirit   +   P - +2 hat of the Bear Spirit {Spirit, +Rage rN+ MR++}
rElec    .         Reflect  +   g - +3 cloak of Soimoz Nusa {MR+}
rCorr    .         Harm     .   z - +1 pair of gloves of Dishonour {*Slow rPois Dex+6 Stlth+}
MR       +++++                  n - +0 pair of boots
Stlth    ++++++++++             m - +5 amulet of reflection
HPRegen  0.84/turn              t - ring "Weixtu" {MP-9 AC+4 Str+4 Int+3 SInv}
MPRegen  0.24/turn              R - +6 ring of protection

@: wreathed by umbra, studying Unarmed Combat
A: distributed training, fangs 1, magic resistance 1, regeneration 1, screaming
1, strong nose
}: 3/15 runes: barnacled, silver, gossamer
a: Shadow Step, Shadow Form, Renounce Religion, Evoke Berserk Rage


You were on level 1 of the Realm of Zot.
You worshipped Dithmenos.
Dithmenos was exalted by your worship.
You were near starving.

You visited 9 branches of the dungeon, and saw 45 of its levels.
You also visited: Gauntlet and Wizlab.

You collected 7645 gold pieces.
You spent 6196 gold pieces at shops.

Inventory:

Hand Weapons
 q - a +9 double sword of chaos (weapon)
Missiles
 v - 50 javelins (quivered)
 Z - 3 throwing nets
Armour
 a - the +6 scale mail of Waqab (worn) {rF++ Dex+4 Slay+2}
   (You bought it in a shop on level 3 of the Vaults)

   It affects your dexterity (+4).
   It affects your accuracy and damage with ranged weapons and melee attacks
   (+2).
   It greatly protects you from fire.
 g - the +3 cloak of Soimoz Nusa (worn) {MR+}
   (You found it on level 14 of the Dungeon)

   It affects your resistance to hostile enchantments.
 n - a +0 pair of boots (worn)
 z - the +1 pair of gloves of Dishonour (worn) {*Slow rPois Dex+6 Stlth+}
   (You found it on level 3 of the Vaults)

   It affects your dexterity (+6).
   It protects you from poison.
   It may slow you when you take damage.
   It makes you more stealthy.
 O - a +2 shield (worn)
 P - the +2 hat of the Bear Spirit (worn) {Spirit, +Rage rN+ MR++}
   (You bought it in a shop on level 3 of the Vaults)

   It protects you from negative energy.
   It affects your resistance to hostile enchantments.
   It lets you go berserk.
Jewellery
 m - a +5 amulet of reflection (around neck)
 t - the ring "Weixtu" (left hand) {MP-9 AC+4 Str+4 Int+3 SInv}
   (You found it on level 1 of the Shoals)

   [ring of protection]

   It affects your AC (+4).
   It affects your strength (+4).
   It affects your intelligence (+3).
   It affects your magic capacity (-9).
   It lets you see invisible.
 R - a +6 ring of protection (right hand)
Wands
 r - a wand of digging (4)
 y - a wand of iceblast (10)
 H - a wand of clouds (12)
 J - a wand of acid (2)
 K - a wand of disintegration (14)
Scrolls
 h - 12 scrolls of enchant armour
 j - 6 scrolls of magic mapping
 k - 11 scrolls of fog
 u - 7 scrolls of torment
 w - 5 scrolls of summoning
 B - 7 scrolls of amnesia
 F - 12 scrolls of identify
 I - 22 scrolls of remove curse
 M - 4 scrolls of holy word
 N - 3 scrolls of brand weapon
 T - 11 scrolls of teleportation
 U - a scroll of silence
 W - 2 scrolls of immolation
Potions
 b - 7 potions of brilliance
 c - a potion of berserk rage
 d - 2 potions of heal wounds
 e - 5 potions of flight
 l - 8 potions of agility
 o - 7 potions of ambrosia
 s - 6 potions of haste
 x - 5 potions of lignification
 A - 19 potions of mutation
 C - 8 potions of magic
 G - 4 potions of resistance
 Q - 5 potions of invisibility
 S - 2 potions of cancellation
 V - 10 potions of curing
 X - 3 potions of might
Books
 D - a manual of Unarmed Combat
Miscellaneous
 i - a box of beasts
 p - a fan of gales
 E - a phantom mirror
 L - 2 sacks of spiders
 Y - a lamp of fire (inert)
Comestibles
 f - 46 rations


   Skills:
 + Level 17.6 Fighting
 + Level 16.6 Short Blades
 + Level 17.1 Long Blades
 + Level 16.6 Axes
 + Level 16.6 Maces & Flails
 + Level 16.6 Polearms
 + Level 16.6 Staves
 + Level 16.6 Slings
 + Level 16.6 Bows
 + Level 16.6 Crossbows
 + Level 16.6 Throwing
 + Level 17.6 Armour
 + Level 16.6 Dodging
 + Level 16.6 Stealth
 + Level 17.6 Shields
 + Level 19.5 Unarmed Combat
 + Level 16.6 Spellcasting
 + Level 14.3 Conjurations
 + Level 14.3 Hexes
 + Level 14.3 Charms
 + Level 14.3 Summonings
 + Level 14.3 Necromancy
 + Level 14.3 Translocations
 + Level 14.3 Transmutations
 + Level 14.3 Fire Magic
 + Level 14.3 Ice Magic
 + Level 14.3 Air Magic
 + Level 14.3 Earth Magic
 + Level 14.3 Poison Magic
 + Level 17.9 Invocations
 + Level 16.6 Evocations


You had 28 spell levels left.
You knew the following spells:

 Your Spells              Type           Power        Failure   Level  Hunger
a - Apportation           Tloc           ######       1%          1    None
b - Sandblast             Erth           ######       1%          1    None
c - Passwall              Tmut/Erth      ######..     1%          2    None
d - Borgnjor's Vile Clut  Necr/Erth      ######....   1%          5    ####...
e - Tukima's Dance        Hex            ######..     1%          3    None
f - Alistair's Intoxicat  Tmut/Pois      ######..     1%          5    ####...
g - Regeneration          Chrm/Necr      ######....   1%          3    None
h - Lee's Rapid Deconstr  Erth           ######....   1%          5    ####...
i - Agony                 Necr           ######..     1%          5    ####...

Your spell library contained the following spells:

 Spells                   Type           Power        Failure   Level  Hunger
 Corona                   Hex            ######.      1%          1    None
 Flame Tongue             Conj/Fire      #####        1%          1    None
 Magic Dart               Conj           ####         1%          1    None
 Pain                     Necr           ####         1%          1    None
 Summon Butterflies       Summ           ######..     1%          1    None
 Blink                    Tloc           N/A          1%          2    None
 Call Imp                 Summ           ######..     1%          2    None
 Corpse Rot               Necr           N/A          1%          2    None
 Ensorcelled Hibernation  Hex/Ice        ######       1%          2    None
 Poisonous Vapours        Pois/Air       ######       1%          2    None
 Shroud of Golubria       Chrm/Tloc      ######....   1%          2    None
 Slow                     Hex            ######..     1%          2    None
 Sublimation of Blood     Necr           ######....   1%          2    None
 Throw Flame              Conj/Fire      ######       1%          2    None
 Confuse                  Hex            ######..     1%          3    None
 Conjure Flame            Conj/Fire      ######..     1%          3    None
 Dazzling Spray           Conj/Hex       ######       1%          3    None
 Gell's Gravitas          Tloc           ######....   1%          3    None
 Ignite Poison            Fire/Tmut/Pois ######..     1%          3    None
 Inner Flame              Hex/Fire       ######..     1%          3    None
 Lesser Beckoning         Tloc           ######....   1%          3    None
 Mephitic Cloud           Conj/Pois/Air  ######..     1%          3    None
 Portal Projectile        Hex/Tloc       ######       1%          3    None
 Spectral Weapon          Hex/Chrm       ######..     1%          3    None
 Static Discharge         Conj/Air       ######..     1%          3    None
 Stone Arrow              Conj/Erth      ######       1%          3    None
 Teleport Other           Tloc           ######..     1%          3    None
 Force Lance              Conj/Tloc      ######..     1%          4    None
 Leda's Liquefaction      Hex/Erth       ######....   1%          4    None
 Passage of Golubria      Tloc           N/A          1%          4    None
 Petrify                  Tmut/Erth      ######..     1%          4    None
 Sticky Flame             Conj/Fire      ######..     1%          4    None
 Bolt of Draining         Conj/Necr      ######....   1%          5    ####...
 Dispel Undead            Necr           ######..     1%          5    ####...
 Fireball                 Conj/Fire      ######....   1%          5    ####...
 Irradiate                Conj/Tmut      ######....   1%          5    ####...
 Lightning Bolt           Conj/Air       ######....   1%          5    ####...
 Summon Forest            Summ/Tloc      ######....   1%          5    ####...
 Bolt of Fire             Conj/Fire      ######....   3%          6    #####..
 Death Channel            Necr           ######....   3%          6    #####..
 Freezing Cloud           Conj/Ice/Air   ######....   3%          6    #####..
 Hydra Form               Tmut           ######....   3%          6    #####..
 Invisibility             Hex            ######..     3%          6    #####..
 Poison Arrow             Conj/Pois      ######....   3%          6    #####..
 Statue Form              Tmut/Erth      ######...    3%          6    #####..
 Dragon Form              Tmut           ######....   19%         7    #######
 Malign Gateway           Summ/Tloc      ######....   19%         7    #######
 Ring of Flames           Chrm/Fire      ######....   19%         7    #######
 Summon Hydra             Summ           ######....   19%         7    #######
 Chain Lightning          Conj/Air       ######....   80%         8    #######
 Ignition                 Fire           ######....   80%         8    #######
 Lehudib's Crystal Spear  Conj/Erth      ######....   80%         8    #######
 Fire Storm               Conj/Fire      ######....   100%        9    #######
 Glaciate                 Conj/Ice       ######....   100%        9    #######


Dungeon Overview and Level Annotations

Branches:
Dungeon (15/15)            Temple (0/1) D:6            Lair (6/6) D:11
 Shoals (4/4) Lair:3       Spider (4/4) Lair:3        Slime (0/5) Lair:6
    Orc (2/2) D:9             Elf (3/3) Orc:2        Vaults (5/5) D:14
  Crypt (0/3) Vaults:2     Depths (5/5) D:15            Zot (1/5) Depths:5

Altars:
Cheibriados
Dithmenos
Fedhas
Hepliaklqana
Nemelex Xobeh
Qazlal
Sif Muna
Uskayaw
Xom
Zin
The Shining One
Beogh
Jiyva

Shops:
D:11 (?[[%   Orc:2 (*=*   Elf:1 [   Elf:3 =}=   Shoals:4 *   Vaults:2 !}
Vaults:3 *}}[[   Vaults:4 *   Depths:3 [

Portals:
Hell: Depths:1 Depths:2 Depths:3 Depths:4 Depths:5
Abyss: Depths:4
Pandemonium: Depths:3
Ziggurat: Depths:4
Trove: Depths:3 (show slimy rune of Zot)

Annotations:
Lair:2 exclusion: ice statue
Lair:6 1 runed translucent door
Depths:1 2 transporters, 7 runed translucent doors, buskinjo's ghost, adept DsFi


Innate Abilities, Weirdness & Mutations

Your experience applies equally to all skills.
You have very sharp teeth.
Your uncanny sense of smell can sniff out nearby items.
You are resistant to hostile enchantments. (MR+)
Your natural rate of healing is unusually fast.
You occasionally shout uncontrollably at your foes.


Message History

Aim: a moth of wrath (rain, umbra)
The bolt of acid hits the fire giant!!
The fire giant is splashed with acid!
The acid corrodes the fire giant!
The fire giant is heavily wounded.
The bolt of acid hits the stone giant!!
The stone giant is splashed with acid.
The acid corrodes the stone giant!
The stone giant is severely wounded.
The bolt of acid misses the moth of wrath.
You hear a shout!
You block the ettin's attack. x2; The titan hits you!
You block the stone giant's attack. The troll misses you.
You block the troll's attack. The troll closely misses you.
The fire giant completely misses you.
You riposte.
You slash the fire giant!
The fire giant is poisoned.
The fire giant is severely wounded.
The efreet sizzles in the rain. x2
The ettin hits you with a +2 dire flail of crushing!!!
* * * LOW HITPOINT WARNING * * *
x2 The ettin hits you with a +0 dire flail!!!
You die...

## ######## #### #..
C.O...O# #..# #..§
!CTRC##### #..#
##''#################...#
#..#
#...§8§§§§8....8....#.#.#
#..#
'..≈§§C§§§§.........'.#.#
#..#
○..○§TOCy§.§........'.#.#
#..#
'...RRCCCT..(.......'.#.#
#..#
#..§R8TC@C8....8....###.#
#..#
##'°###################..
#..# #.. TCTR#...# #..# #
TCCT.#####
#..################
#######
#.................# #.#
#.................# #.#
#.................# #.#
#######'###.......# #.#


You could see a titan, 2 fire giants, 3 stone giants, an ettin (berserk), a moth
of wrath, 3 trolls, 3 efreet and an ogre (berserk).

Vanquished Creatures
  A juggernaut (Depths:2)
  An ancient lich (Vaults:4)
  Sojobo (Depths:3)
  Boris (Depths:4)
  Xtahua (Depths:4)
  A caustic shrike (Depths:2)
  3 golden dragons
  A mutant beast (WizLab)
  The ghost of cada the Eclecticist, a veteran OpTm of Cheibriados (Vaults:4)
  The ghost of poxu the Imperceptible, an adept HaMo of Wu Jian (Vaults:1)
  8 tentacled monstrosities
  The ghost of WiseOSalty the Warrior, an adept DsFi of Qazlal (Elf:1)
  2 liches
  6 titans
  2 deep elf blademasters (Elf:2)
  A deep elf master archer (Elf:2)
  A quicksilver dragon (Vaults:5)
  A death cob (Zot:1)
  Gastronok (D:11)
  6 sphinxes
  Agnes (Spider:1)
  Roxanne (Spider:2)
  7 storm dragons
  7 shadow dragons
  Donald (Vaults:1)
  The ghost of finalsalamander the Severer, an adept HOMo of Beogh (Shoals:3)
  9 tengu reavers
  10 fire giants
  Ilsuiw (Shoals:4)
  11 frost giants
  3 emperor scorpions (Spider:4)
  4 deep elf sorcerers
  19 vault wardens
  4 ghost moths
  Louise (Spider:1)
  A draconian shifter (Depths:5)
  3 cacodemons
  8 deep elf elementalists
  2 spriggan defenders
  Aizul (Depths:2)
  20 ironheart preservers
  A draconian stormcaller (Depths:5)
  11 stone giants
  21 very ugly things
  2 vampire knights
  6 entropy weavers
  11 deep elf annihilators
  A green draconian (Depths:5)
  2 purple draconians (Depths:5)
  3 black draconians
  10 deep elf demonologists
  5 dire elephants (Depths:2)
  A white draconian (Depths:5)
  A minotaur (Gauntlet)
  5 merfolk javelineers
  8 spark wasps
  Snorg (Lair:6)
  A yellow draconian (Zot:1)
  7 deep elf death magi
  12 fire dragons
  19 ettins
  3 crystal guardians
  7 merfolk impalers
  7 great orbs of eyes
  7 deep elf high priests
  12 yaktaur captains
  9 ice dragons
  Erolcha (D:9)
  A hydra (Lair:5)
  7 rakshasas
  Fannar (D:12)
  29 vault guards
  4 spriggan air magi
  2 alligator snapping turtles
  2 catoblepae
  A satyr (Shoals:2)
  2 merfolk aquamancers (Shoals:4)
  2 merfolk avatars (Shoals:4)
  15 centaur warriors
  8 death scarabs (Spider:4)
  4 death knights
  3 orc high priests (Orc:2)
  26 dancing weapons
  19 ogre magi
  A satyr (shapeshifter) (D:14)
  13 deep troll shamans
  16 deep troll earth magi
  3 tengu warriors
  2 vampire magi
  34 two-headed ogres
  11 death yaks
  6 spriggan berserkers
  Sonja (Lair:6)
  Nergalle (Lair:2)
  Urug (D:11)
  7 small abominations
  28 deep elf knights
  7 hell knights
  An iron golem (WizLab)
  A fire crab (shapeshifter) (WizLab)
  3 shadow wraiths
  8 sea snakes
  36 deep trolls
  3 unseen horrors
  A death drake (shapeshifter) (Vaults:1)
  6 iron trolls
  9 skeletal warriors
  A death drake (Zot:1)
  3 glowing orange brains
  2 deep trolls (shapeshifter)
  A gelid demonspawn (Depths:3)
  An unseen horror (shapeshifter) (Vaults:1)
  An orange crystal statue (D:14)
  An obsidian statue (Gauntlet)
  6 flayed ghosts
  14 ironbrand convokers
  7 phantasmal warriors
  6 wizards
  3 lindwurms (shapeshifter) (WizLab)
  22 deep elf archers
  2 kraken simulacra (Shoals:3)
  13 orc knights
  22 harpies
  2 lindwurms
  5 spectral wolf spiders (Spider:4)
  A wolf spider zombie (Spider:4)
  2 harpies (shapeshifter)
  14 orb spiders
  7 orc sorcerers
  67 deep elf magi
  3 necromancers (Elf:1)
  A mana viper (shapeshifter) (Vaults:4)
  A shining eye (shapeshifter) (Depths:5)
  27 wolf spiders
  5 fauns
  9 moths of wrath
  An orb spider (shapeshifter) (WizLab)
  A manticore (shapeshifter) (Depths:5)
  A faun (shapeshifter) (Vaults:5)
  39 ugly things
  11 manticores
  2 oklob plants (D:13)
  8 cyclopes
  9 centaur zombies
  2 guardian serpents (shapeshifter)
  9 merfolk sirens
  3 elephants (Lair:6)
  An elephant (shapeshifter) (Shoals:4)
  Maurice (D:8)
  A water nymph (shapeshifter) (Shoals:4)
  A rust devil (Depths:2)
  13 vault sentinels
  3 water nymphs
  A black mamba (shapeshifter) (Vaults:2)
  A black mamba (Lair:2)
  Psyche (D:11)
  A torpor snail (Lair:5)
  11 komodo dragons
  A spiny frog (shapeshifter) (D:13)
  2 rime drakes (Lair:6)
  45 yaktaurs
  12 spiny frogs
  An ice devil (Gauntlet)
  2 yaktaurs (shapeshifter)
  A rime drake (shapeshifter) (D:13)
  2 komodo dragons (shapeshifter) (WizLab)
  5 tengu conjurers
  3 efreet
  4 freezing wraiths
  5 guardian mummies
  10 demonic crawlers
  2 spectral redbacks (Spider:4)
  A jumping spider (shapeshifter) (Depths:3)
  2 red devils (Depths:3)
  3 redback zombies (Spider:4)
  26 merfolk
  A troll (shapeshifter) (WizLab)
  A polar bear (shapeshifter) (Depths:2)
  2 queen bees (shapeshifter)
  4 wind drakes
  34 jumping spiders
  2 wind drakes (shapeshifter)
  A polar bear (Lair:6)
  A tyrant leech (Vaults:1)
  13 hornets
  12 trolls
  9 meliai
  2 spectral jumping spiders (Spider:4)
  28 slime creatures
  4 spectral tarantellas (Spider:4)
  3 tarantella zombies (Spider:4)
  11 hippogriffs
  A raiju (shapeshifter) (WizLab)
  6 dream sheep (Shoals:3)
  5 snapping turtles (Shoals:4)
  9 blink frogs
  A dream sheep (shapeshifter) (Depths:5)
  2 blink frogs (shapeshifter)
  A jumping spider zombie (Spider:4)
  2 air elementals (Elf:1)
  73 redbacks
  2 tarantellas (shapeshifter)
  2 redbacks (shapeshifter)
  5 spriggans
  24 tarantellas
  2 vampires
  11 large abominations
  A shapeshifter (Vaults:4)
  15 water elementals
  4 wyverns
  42 yaks
  3 yaks (shapeshifter)
  5 basilisks
  A basilisk (shapeshifter) (Vaults:1)
  A spriggan (shapeshifter) (Elf:1)
  A hog (shapeshifter) (Vaults:1)
  Grum (Lair:1)
  A wraith (D:15)
  The ghost of DungeonDestroyer the Charmwright, an amateur GnSk of Gozag (D:3)
  A fire bat (shapeshifter) (Vaults:1)
  2 golden eyes (shapeshifter)
  A fire elemental (Elf:3)
  3 hungry ghosts
  A steam dragon (D:12)
  4 vampire mosquitoes (D:15)
  5 wargs
  Menkaure (D:4)
  A soldier ant (shapeshifter) (Vaults:3)
  A soldier ant (D:13)
  4 acid dragons
  15 water moccasins
  A water moccasin (shapeshifter) (Vaults:1)
  2 spectral hornets (Spider:4)
  2 swamp worms (shapeshifter)
  Edmund (D:5)
  8 porcupines
  6 floating eyes
  14 ice beasts
  37 orc warriors
  3 phantoms
  7 sky beasts
  5 black bears
  2 black bears (shapeshifter)
  2 eyes of draining (shapeshifter) (WizLab)
  2 eyes of draining
  3 boggarts (Depths:4)
  37 centaurs
  12 wolves
  41 ogres
  13 crocodiles
  7 big kobolds
  An elf zombie (Elf:1)
  2 earth elementals (Elf:1)
  16 bullfrogs
  5 gnoll sergeants (D:9)
  2 wyvern skeletons
  A glowing shapeshifter simulacrum (Vaults:1)
  11 scorpions
  7 killer bees
  13 wights
  4 howler monkeys
  15 crimson imps
  3 bullfrog zombies
  5 quasits
  A human simulacrum (Vaults:1)
  9 hounds
  7 jellies
  21 orc priests
  9 centaur skeletons
  22 orc wizards
  Jessica (D:2)
  2 bullfrog skeletons
  7 iguanas
  7 hell rats (Lair:4)
  9 worker ants
  4 mummies (Depths:1)
  2 gnolls (D:9)
  19 adders
  7 shadow imps
  2 white imps (Gauntlet)
  2 oozes
  An adder zombie (D:5)
  A worm (D:2)
  10 leopard geckos
  98 orcs
  2 ball pythons
  7 bats
  4 giant cockroaches
  9 goblins
  7 hobgoblins
  2 jackals (D:2)
  10 quokkas
  6 frilled lizards
  18 kobolds
  2 leopard gecko skeletons
  A leopard gecko zombie (D:6)
  A quokka zombie (D:5)
  4 rats
  A fungus (D:4)
  A tentacle (Shoals:3)
2147 creatures vanquished.

Vanquished Creatures (collateral kills)
  A tentacled monstrosity (Vaults:1)
  A storm dragon (Vaults:4)
  A cacodemon (Vaults:1)
  A stone giant (Vaults:5)
  A two-headed ogre (Vaults:5)
  A glowing orange brain (Vaults:1)
  2 ironbrand convokers (Vaults:5)
  A deep elf mage (D:14)
  A wolf spider (shapeshifter) (Vaults:5)
  An ugly thing (WizLab)
  A wolf spider (Spider:3)
  A meliai (D:14)
  2 slime creatures (D:14)
  2 redbacks (Spider:3)
  An ogre (shapeshifter) (Vaults:1)
  A black bear (shapeshifter) (Vaults:1)
19 creatures vanquished.

Vanquished Creatures (others)
  A tengu reaver (Depths:3)
  A merfolk javelineer (Shoals:4)
  A fire dragon (Depths:5)
  A sea snake (Shoals:4)
  A deep elf archer (Vaults:2)
  A harpy (Shoals:3)
  2 deep elf magi (Elf:1)
  A faun (Shoals:2)
  A smoke demon (Depths:3)
  10 yaktaurs
  A shadow (D:14)
  A fire bat (shapeshifter) (Vaults:1)
  A large abomination (Elf:1)
  4 centaurs
  3 fire vortices
  5 fungi
  19 plants
  8 tentacles (Shoals:3)
  4 toadstools (D:4)
66 creatures vanquished.

Grand Total: 2232 creatures vanquished

Notes
Turn   | Place    | Note
-------+----------+-------------------------------------------
     0 | D:1      | vishdafish the Gnoll Fighter began the quest for the Orb.
     0 | D:1      | Reached XP level 1. HP: 23/23 MP: 1/1
    55 | D:1      | Reached XP level 2. HP: 25/29 MP: 2/2
   407 | D:1      | Reached XP level 3. HP: 34/35 MP: 3/3
   700 | D:2      | Reached skill level 1 in Invocations
   747 | D:2      | Reached skill level 1 in Short Blades
   747 | D:2      | Reached skill level 1 in Axes
   747 | D:2      | Reached skill level 1 in Maces & Flails
   747 | D:2      | Reached skill level 1 in Polearms
   747 | D:2      | Reached skill level 1 in Staves
   747 | D:2      | Reached skill level 1 in Slings
   747 | D:2      | Reached skill level 1 in Bows
   747 | D:2      | Reached skill level 1 in Crossbows
   747 | D:2      | Reached skill level 1 in Throwing
   747 | D:2      | Reached skill level 1 in Dodging
   747 | D:2      | Reached skill level 1 in Stealth
   747 | D:2      | Reached skill level 1 in Unarmed Combat
   747 | D:2      | Reached skill level 1 in Spellcasting
   747 | D:2      | Reached skill level 1 in Evocations
   794 | D:2      | Reached XP level 4. HP: 34/41 MP: 5/5
   904 | D:2      | Noticed Jessica
   910 | D:2      | Killed Jessica
   910 | D:2      | Reached skill level 1 in Conjurations
   910 | D:2      | Reached skill level 1 in Hexes
   910 | D:2      | Reached skill level 1 in Charms
   910 | D:2      | Reached skill level 1 in Summonings
   910 | D:2      | Reached skill level 1 in Necromancy
   910 | D:2      | Reached skill level 1 in Translocations
   910 | D:2      | Reached skill level 1 in Transmutations
   910 | D:2      | Reached skill level 1 in Fire Magic
   910 | D:2      | Reached skill level 1 in Ice Magic
   910 | D:2      | Reached skill level 1 in Air Magic
   910 | D:2      | Reached skill level 1 in Earth Magic
   910 | D:2      | Reached skill level 1 in Poison Magic
  1084 | D:2      | Reached XP level 5. HP: 46/47 MP: 6/6
  1458 | D:3      | Found a transporter.
  1636 | D:3      | Noticed a +0 dagger
  1637 | D:3      | Noticed a +3 hand axe
  1660 | D:3      | Found a blossoming altar of Fedhas.
  1726 | D:3      | Found a hide-covered altar of Uskayaw.
  1924 | D:3      | Found a transporter.
  1967 | D:3      | Noticed DungeonDestroyer's ghost (amateur GnSk)
  2000 | D:3      | Reached XP level 6. HP: 51/53 MP: 8/8
  2015 | D:3      | Reached skill level 5 in Long Blades
  2015 | D:3      | Reached skill level 2 in Unarmed Combat
  2025 | D:3      | Killed DungeonDestroyer's ghost
  2025 | D:3      | Reached XP level 7. HP: 32/59 MP: 7/10
  2529 | D:4      | Found a hazy altar of Hepliaklqana.
  2864 | D:4      | Noticed Menkaure
  2882 | D:4      | Killed Menkaure
  2961 | D:4      | Found a shadowy altar of Dithmenos.
  3052 | D:4      | Found a deep blue altar of Sif Muna.
  3082 | D:4      | Became a worshipper of Dithmenos the Shadowed
  3093 | D:5      | Entered Level 5 of the Dungeon
  3109 | D:5      | Reached XP level 8. HP: 56/67 MP: 10/12
  3199 | D:5      | Reached skill level 3 in Unarmed Combat
  3599 | D:5      | Noticed Edmund
  3609 | D:5      | Killed Edmund
  4208 | D:6      | Reached XP level 9. HP: 39/72 MP: 7/14
  4211 | D:6      | Reached * piety under Dithmenos
  4318 | D:6      | Found a staircase to the Ecumenical Temple.
  4414 | D:6      | Reached skill level 4 in Unarmed Combat
  4644 | D:6      | Found a snail-covered altar of Cheibriados.
  4685 | D:6      | Found a sparkling altar of Nemelex Xobeh.
  4717 | D:6      | Found a stormy altar of Qazlal.
  5164 | D:7      | Reached ** piety under Dithmenos
  5183 | D:7      | Got a jewelled chain mail
  5194 | D:7      | Identified the +2 chain mail of Conscience {rElec} (You
                  | found it on level 7 of the Dungeon)
  5466 | D:7      | Reached skill level 5 in Invocations
  5697 | D:7      | Reached XP level 10. HP: 58/80 MP: 15/17
  5827 | D:8      | Noticed Maurice
  5841 | D:8      | Killed Maurice
  5853 | D:8      | Found a blossoming altar of Fedhas.
  5961 | D:8      | Noticed a two-headed ogre
  5976 | D:8      | Killed a two-headed ogre
  5976 | D:8      | Reached skill level 5 in Short Blades
  5976 | D:8      | Reached skill level 5 in Axes
  5976 | D:8      | Reached skill level 5 in Maces & Flails
  5976 | D:8      | Reached skill level 5 in Polearms
  5976 | D:8      | Reached skill level 5 in Staves
  5976 | D:8      | Reached skill level 5 in Slings
  5976 | D:8      | Reached skill level 5 in Bows
  5976 | D:8      | Reached skill level 5 in Crossbows
  5976 | D:8      | Reached skill level 5 in Throwing
  5976 | D:8      | Reached skill level 5 in Dodging
  5976 | D:8      | Reached skill level 5 in Stealth
  5976 | D:8      | Reached skill level 5 in Unarmed Combat
  5976 | D:8      | Reached skill level 5 in Spellcasting
  5976 | D:8      | Reached skill level 5 in Evocations
  6999 | D:9      | Noticed Erolcha
  7015 | D:9      | Killed Erolcha
  7429 | D:9      | Reached *** piety under Dithmenos
  7454 | D:9      | Found a shimmering altar of Xom.
  7455 | D:9      | Found a shimmering altar of Xom.
  7457 | D:9      | Found a shimmering altar of Xom.
  7862 | D:9      | Reached XP level 11. HP: 83/87 MP: 19/19
  7956 | D:9      | Found a staircase to the Orcish Mines.
  8311 | D:9      | Noticed a cyclops
  8314 | D:9      | Reached skill level 6 in Unarmed Combat
  8641 | D:10     | Entered Level 10 of the Dungeon
  8758 | D:10     | Reached skill level 5 in Conjurations
  8758 | D:10     | Reached skill level 5 in Hexes
  8758 | D:10     | Reached skill level 5 in Charms
  8758 | D:10     | Reached skill level 5 in Summonings
  8758 | D:10     | Reached skill level 5 in Necromancy
  8758 | D:10     | Reached skill level 5 in Translocations
  8758 | D:10     | Reached skill level 5 in Transmutations
  8758 | D:10     | Reached skill level 5 in Fire Magic
  8758 | D:10     | Reached skill level 5 in Ice Magic
  8758 | D:10     | Reached skill level 5 in Air Magic
  8758 | D:10     | Reached skill level 5 in Earth Magic
  8758 | D:10     | Reached skill level 5 in Poison Magic
  9017 | D:10     | Reached **** piety under Dithmenos
  9440 | D:10     | You fall through a shaft for 3 floors!
  9441 | D:13     | Noticed a skeletal warrior
  9441 | D:13     | Noticed a skeletal warrior
  9452 | D:13     | Noticed a centaur warrior
  9479 | D:13     | Killed a centaur warrior
  9739 | D:12     | Noticed Fannar
  9747 | D:12     | Killed Fannar
  9963 | D:12     | Reached XP level 12. HP: 96/96 MP: 22/22
 10175 | D:11     | Noticed Psyche
 10187 | D:11     | Killed Psyche
 10192 | D:11     | Noticed Urug
 10199 | D:11     | Reached ***** piety under Dithmenos
 10220 | D:11     | Killed Urug
 10258 | D:11     | Found Zeharus's Weapon Boutique.
 10275 | D:11     | Reached skill level 7 in Unarmed Combat
 10838 | D:11     | Found Nelin's Magic Scroll Emporium.
 10839 | D:11     | Found Zeodgh's Armour Emporium.
 10840 | D:11     | Found Mafach's Food Emporium.
 10841 | D:11     | Found Ycoduch's Antique Armour Emporium.
 10860 | D:11     | Bought a scroll of acquirement for 624 gold pieces
 10862 | D:11     | Got a bound golden ring
 10864 | D:11     | Identified the ring "Cebi" {Ice rPois} (You acquired it on
                  | level 11 of the Dungeon)
 11157 | D:11     | Found a staircase to the Lair.
 11168 | D:11     | Noticed Gastronok
 11182 | D:11     | Killed Gastronok
 12202 | D:13     | Noticed a centaur warrior
 12218 | D:13     | Killed a centaur warrior
 12218 | D:13     | Reached skill level 10 in Fighting
 12218 | D:13     | Reached skill level 10 in Armour
 12218 | D:13     | Reached skill level 10 in Shields
 12621 | D:13     | Reached XP level 13. HP: 58/103 MP: 17/24
 13126 | D:13     | Found a blossoming altar of Fedhas.
 13397 | Lair:1   | Entered Level 1 of the Lair of Beasts
 13399 | Lair:1   | Noticed Grum
 13430 | Lair:1   | Killed Grum
 13825 | Lair:1   | Gained mutation: You are dopey. (Int -2) [potion of
                  | mutation]
 13825 | Lair:1   | Gained mutation: Your spells are a little easier to cast,
                  | but a little less powerful. [potion of mutation]
 13825 | Lair:1   | Gained mutation: You have a somewhat thin skeletal
                  | structure. (Dex +2, Stealth) [potion of mutation]
 13826 | Lair:1   | Lost mutation: You are dopey. (Int -2) [potion of mutation]
 13826 | Lair:1   | Lost mutation: Your spells are a little easier to cast, but
                  | a little less powerful. [potion of mutation]
 13826 | Lair:1   | Gained mutation: You have a moderately thin skeletal
                  | structure. (Dex +4, Stealth+) [potion of mutation]
 13826 | Lair:1   | Gained mutation: You possess an exceptional clarity of
                  | mind. [potion of mutation]
 14267 | Lair:2   | Reached skill level 8 in Unarmed Combat
 14328 | Lair:2   | Noticed Nergalle
 14338 | Lair:2   | Killed Nergalle
 14444 | Lair:2   | Got an ancient scale mail
 14455 | Lair:2   | Identified the +3 scale mail "Mucuemp" {Str+4 Int+2} (You
                  | found it on level 2 of the Lair of Beasts)
 15565 | Lair:3   | Found a staircase to the Shoals.
 15612 | Lair:3   | HP: 4/104 [catoblepas (18)]
 16222 | Lair:3   | Found a hole to the Spider Nest.
 17562 | Lair:4   | Reached ****** piety under Dithmenos
 17772 | Lair:5   | Reached XP level 14. HP: 111/111 MP: 26/26
 18550 | Lair:6   | Entered Level 6 of the Lair of Beasts
 18574 | Lair:6   | Reached skill level 10 in Long Blades
 18861 | Lair:6   | Reached skill level 9 in Unarmed Combat
 18930 | Lair:6   | Found a runed translucent door.
 18939 | Lair:6   | Found a viscous altar of Jiyva.
 18940 | Lair:6   | Found a staircase to the Slime Pits.
 19029 | Lair:6   | Noticed Snorg
 19054 | Lair:6   | Killed Snorg
 19506 | Lair:6   | Noticed Sonja
 19514 | Lair:6   | Reached skill level 10 in Invocations
 19518 | Lair:6   | Killed Sonja
 20650 | D:14     | Reached XP level 15. HP: 100/119 MP: 28/28
 21097 | D:14     | Got a steaming cloak
 21108 | D:14     | Identified the +3 cloak of Soimoz Nusa {MR+} (You found it
                  | on level 14 of the Dungeon)
 21495 | D:14     | Found a runed translucent door.
 21528 | D:14     | HP: 1/119 [crystal guardian/crystal bolt (44)]
 21536 | D:15     | Entered Level 15 of the Dungeon
 22129 | D:14     | Got a transparent lead ring
 22131 | D:14     | Identified the ring of the Dolphin {rPois MR+} (You
                  | acquired it on level 14 of the Dungeon)
 22197 | D:14     | Got a steaming ring mail
 22208 | D:14     | Identified the cursed +1 ring mail "Xuliemag" {Str+4 Dex-3}
                  | (You found it on level 14 of the Dungeon)
 22480 | D:14     | Found a gate to the Vaults.
 22720 | Orc:1    | Entered Level 1 of the Orcish Mines
 23217 | Orc:1    | Found a roughly hewn altar of Beogh.
 23369 | Orc:2    | Entered Level 2 of the Orcish Mines
 23376 | Orc:2    | Found a gate leading to a gauntlet.
 23395 | Gauntlet | Entered a Gauntlet
 23395 | Gauntlet | Found a transporter.
 23405 | Gauntlet | Found the +0 Maxwell's etheric cage {RegenMP+ *Contam rElec
                  | MP+4}
 23406 | Gauntlet | Found a transporter.
 23408 | Gauntlet | Found a transporter.
 23410 | Gauntlet | Found a runed translucent door.
 23410 | Gauntlet | Found a runed translucent door.
 23447 | Gauntlet | Found a runed translucent door.
 23462 | Gauntlet | Found a transporter.
 23589 | Gauntlet | Found a transporter.
 23589 | Gauntlet | Found a transporter.
 23590 | Gauntlet | Found a transporter.
 23609 | Gauntlet | Found a runed translucent door.
 23615 | Gauntlet | Found a runed translucent door.
 23632 | Gauntlet | Found a transporter.
 23670 | Gauntlet | Identified the +0 chain mail "Ocwoda Racri" {-Tele rElec
                  | rPois Dex+4}
 23682 | Gauntlet | Reached skill level 10 in Short Blades
 23682 | Gauntlet | Reached skill level 10 in Axes
 23682 | Gauntlet | Reached skill level 10 in Maces & Flails
 23682 | Gauntlet | Reached skill level 10 in Polearms
 23682 | Gauntlet | Reached skill level 10 in Staves
 23682 | Gauntlet | Reached skill level 10 in Slings
 23682 | Gauntlet | Reached skill level 10 in Bows
 23682 | Gauntlet | Reached skill level 10 in Crossbows
 23682 | Gauntlet | Reached skill level 10 in Throwing
 23682 | Gauntlet | Reached skill level 10 in Dodging
 23682 | Gauntlet | Reached skill level 10 in Stealth
 23682 | Gauntlet | Reached skill level 10 in Unarmed Combat
 23682 | Gauntlet | Reached skill level 10 in Spellcasting
 23682 | Gauntlet | Reached skill level 10 in Evocations
 24138 | Orc:2    | Found a staircase to the Elven Halls.
 24698 | Orc:2    | Found Upoxo's Jewellery Emporium.
 24698 | Orc:2    | Found Duiz's General Store.
 24700 | Orc:2    | Found Uceim's General Store.
 24700 | Orc:2    | Found Kufrupp's Weapon Emporium.
 24708 | Orc:2    | Bought a potion of might for 48 gold pieces
 24708 | Orc:2    | Bought a scroll of blinking for 90 gold pieces
 24716 | Orc:2    | Bought a scroll of identify for 24 gold pieces
 24718 | Orc:2    | Learned a level 1 spell: Apportation
 24720 | Orc:2    | Learned a level 1 spell: Sandblast
 24723 | Orc:2    | Learned a level 2 spell: Passwall
 24725 | Orc:2    | Bought a scroll of identify for 32 gold pieces
 25844 | D:15     | Reached XP level 16. HP: 59/127 MP: 30/30
 26069 | D:15     | Found a glowing golden altar of the Shining One.
 26346 | D:15     | Found a staircase to the Depths.
 27119 | Spider:1 | Entered Level 1 of the Spider Nest
 27332 | Spider:1 | Noticed Louise
 27346 | Spider:1 | Killed Louise
 27417 | Spider:1 | Noticed Agnes
 27426 | Spider:1 | Killed Agnes
 30189 | Spider:2 | Identified Roxanne's Handbook of Earth
 30189 | Spider:2 | Noticed Roxanne
 30217 | Spider:2 | Killed Roxanne
 30232 | Spider:2 | Got a sparkling turquoise ring
 30234 | Spider:2 | Identified the ring of Veji Cush {*Tele *Slow +Blink Str+4
                  | Stlth+} (You found it on level 2 of the Spider Nest)
 31080 | Spider:3 | Reached skill level 11 in Unarmed Combat
 31295 | Spider:3 | Reached XP level 17. HP: 106/135 MP: 32/32
 32041 | Spider:4 | Entered Level 4 of the Spider Nest
 35030 | Spider:4 | Got a gossamer rune of Zot
 35134 | Spider:4 | HP: 6/136 [poisoned by an emperor scorpion]
 35139 | Spider:4 | HP: 5/136 [poisoned by an emperor scorpion]
 35146 | Spider:4 | HP: 4/136 [poisoned by an emperor scorpion]
 35153 | Spider:4 | HP: 4/136 [poisoned by an emperor scorpion]
 35161 | Spider:4 | HP: 5/136 [poisoned by an emperor scorpion]
 35698 | Spider:3 | Learned a level 5 spell: Borgnjor's Vile Clutch
 35702 | Spider:3 | Learned a level 3 spell: Tukima's Dance
 35708 | Spider:3 | Learned a level 5 spell: Alistair's Intoxication
 36087 | Elf:1    | Entered Level 1 of the Elven Halls
 36133 | Orc:2    | HP: 6/136 [poisoned by a redback]
 36139 | Orc:2    | HP: 4/136 [poisoned by a redback]
 36144 | Orc:2    | HP: 3/136 [poisoned by a redback]
 36150 | Orc:2    | HP: 3/136 [poisoned by a redback]
 36158 | Orc:2    | HP: 3/136 [poisoned by a redback]
 36780 | Elf:1    | Reached skill level 10 in Conjurations
 36780 | Elf:1    | Reached skill level 10 in Hexes
 36780 | Elf:1    | Reached skill level 10 in Charms
 36780 | Elf:1    | Reached skill level 10 in Summonings
 36780 | Elf:1    | Reached skill level 10 in Necromancy
 36780 | Elf:1    | Reached skill level 10 in Translocations
 36780 | Elf:1    | Reached skill level 10 in Transmutations
 36780 | Elf:1    | Reached skill level 10 in Fire Magic
 36780 | Elf:1    | Reached skill level 10 in Ice Magic
 36780 | Elf:1    | Reached skill level 10 in Air Magic
 36780 | Elf:1    | Reached skill level 10 in Earth Magic
 36780 | Elf:1    | Reached skill level 10 in Poison Magic
 36884 | Elf:1    | Reached XP level 18. HP: 119/143 MP: 33/33
 37195 | Elf:1    | Found a runed translucent door.
 37195 | Elf:1    | Found a shimmering altar of Xom.
 37195 | Elf:1    | Noticed WiseOSalty's ghost (adept DsFi)
 37567 | Elf:1    | Found Cobb's Antique Armour Shoppe.
 37573 | Elf:1    | Bought a faintly humming chain mail for 323 gold pieces
 37585 | Elf:1    | Identified the cursed +1 chain mail of the Bull {+Blink
                  | rC+} (You bought it in a shop on level 1 of the Elven
                  | Halls)
 38024 | Elf:1    | Identified the Compendium of Necromancy
 38165 | Elf:1    | HP: 7/143 [WiseOSalty's ghost (9)]
 38175 | Elf:1    | Killed WiseOSalty's ghost
 38599 | Elf:1    | Got a pitted silver ring
 38601 | Elf:1    | Identified the ring "Xogh" {rPois rF- MR- EV+5 Str+4} (You
                  | found it on level 1 of the Elven Halls)
 38702 | Elf:2    | Reached skill level 12 in Unarmed Combat
 39585 | Elf:2    | Found a huge runed translucent gate.
 39585 | Elf:2    | Found a huge runed translucent gate.
 39585 | Elf:2    | Found a huge runed translucent gate.
 39585 | Elf:2    | Found a huge runed translucent gate.
 39585 | Elf:2    | Found a huge runed translucent gate.
 39765 | Elf:2    | Noticed a deep elf blademaster
 39788 | Elf:2    | HP: 6/144 [+2 battleaxe of chopping (6)]
 40246 | Elf:2    | Killed a deep elf blademaster
 40944 | Elf:3    | Entered Level 3 of the Elven Halls
 40966 | Elf:3    | Noticed a Hell Sentinel
 40967 | Elf:3    | Noticed a Tzitzimitl
 40975 | Elf:3    | Reached XP level 19. HP: 93/151 MP: 35/35
 42013 | Elf:3    | Noticed a Tzitzimitl
 43384 | Elf:3    | Found Huakuem's Jewellery Emporium.
 43385 | Elf:3    | Found Siteas's Gadget Shop.
 43386 | Elf:3    | Found Huelud's Jewellery Emporium.
 43925 | Elf:3    | Identified the ring of Liberty {+Blink rC- MR++ MP+9 Int+3}
 44032 | Elf:3    | Identified the +4 great mace of Fatigue {freeze, rPois}
 44143 | Elf:2    | Learned a level 3 spell: Regeneration
 44472 | Elf:3    | Identified the amulet of Zogyiq {rC+ Regen+}
 44475 | Elf:3    | Paralysed by a deep elf mage for 5 turns
 44747 | Elf:3    | Identified the Volume of the World
 45032 | Elf:3    | Learned a level 5 spell: Lee's Rapid Deconstruction
 45038 | Elf:3    | Learned a level 5 spell: Agony
 45394 | Depths:1 | Entered Level 1 of the Depths
 46098 | Depths:1 | Reached skill level 13 in Unarmed Combat
 46301 | Depths:1 | Reached XP level 20. HP: 136/157 MP: 36/36
 46340 | Depths:1 | Found a gateway to Hell.
 46379 | Depths:1 | Found a transporter.
 46381 | Depths:1 | Noticed a golden dragon
 46396 | Depths:1 | Noticed a caustic shrike
 46410 | Depths:1 | Found a transporter.
 46414 | Depths:1 | Noticed a caustic shrike
 46414 | Depths:1 | Noticed buskinjo's ghost (adept DsFi)
 46797 | Depths:1 | Found a large runed translucent door.
 46947 | Depths:1 | Found a large runed translucent door.
 47028 | Depths:1 | Paralysed by a great orb of eyes for 2 turns
 47227 | Depths:1 | Found a large runed translucent door.
 47233 | Depths:1 | Found a large runed translucent door.
 47234 | Depths:1 | Found a large runed translucent door.
 47235 | Depths:1 | Found a large runed translucent door.
 47391 | Depths:1 | Found a large runed translucent door.
 47546 | Depths:2 | Paralysed by a great orb of eyes for 6 turns
 47768 | Depths:2 | Got a sparkling lapis lazuli ring
 48342 | Depths:2 | Identified the ring of Obenuk {rPois rC+ Str+7 Dex-5} (You
                  | found it on level 2 of the Depths)
 48835 | Depths:3 | Noticed a juggernaut
 48846 | Depths:3 | Noticed a caustic shrike
 49003 | Vaults:1 | Entered Level 1 of the Vaults
 49067 | Vaults:1 | Found a magical portal.
 49210 | WizLab   | Entered Cigotuvi's Fleshworks
 49431 | WizLab   | Reached skill level 14 in Unarmed Combat
 49744 | WizLab   | Got a vibrating granite ring
 50609 | WizLab   | Identified Cigotuvi's Tome of Doomed Changing
 50833 | WizLab   | Gained mutation: Scrolls take you a little longer to read.
                  | [mutagenic glow]
 50882 | WizLab   | Gained mutation: Your magical capacity is low. (-10% MP)
                  | [mutagenic glow]
 50938 | WizLab   | Gained mutation: Your spells are a little easier to cast,
                  | but a little less powerful. [mutagenic glow]
 51030 | WizLab   | Gained mutation: Your magical capacity is very low. (-20%
                  | MP) [mutagenic glow]
 51052 | WizLab   | Gained mutation: You are frail. (-10% HP) [mutagenic glow]
 51104 | WizLab   | Gained mutation: You are clumsy. (Dex -2) [mutagenic glow]
 51138 | WizLab   | Gained mutation: You are very clumsy. (Dex -4) [mutagenic
                  | glow]
 51255 | WizLab   | Lost mutation: Scrolls take you a little longer to read.
                  | [potion of mutation]
 51255 | WizLab   | Lost mutation: You possess an exceptional clarity of mind.
                  | [potion of mutation]
 51255 | WizLab   | Lost mutation: Your spells are a little easier to cast, but
                  | a little less powerful. [potion of mutation]
 51255 | WizLab   | Lost mutation: Your magical capacity is very low. (-20% MP)
                  | [potion of mutation]
 51255 | WizLab   | Gained mutation: You occasionally shout uncontrollably at
                  | your foes. [potion of mutation]
 51255 | WizLab   | Gained mutation: Your flesh is heat resistant. (rF+)
                  | [potion of mutation]
 51256 | WizLab   | Lost mutation: You have a moderately thin skeletal
                  | structure. (Dex +4, Stealth+) [potion of mutation]
 51256 | WizLab   | Lost mutation: You occasionally shout uncontrollably at
                  | your foes. [potion of mutation]
 51256 | WizLab   | Lost mutation: You are frail. (-10% HP) [potion of
                  | mutation]
 51256 | WizLab   | Lost mutation: Your flesh is heat resistant. (rF+) [potion
                  | of mutation]
 51256 | WizLab   | Gained mutation: You tend to lose your temper in combat.
                  | [potion of mutation]
 51256 | WizLab   | Gained mutation: You have a pair of small horns on your
                  | head. [potion of mutation]
 51256 | WizLab   | Lost mutation: Your magical capacity is low. (-10% MP)
                  | [potion of mutation]
 51299 | Vaults:1 | Gained mutation: Potions are less effective at restoring
                  | your health. [mutagenic glow]
 51447 | Vaults:1 | Lost mutation: You are very clumsy. (Dex -4) [potion of
                  | mutation]
 51447 | Vaults:1 | Lost mutation: You are clumsy. (Dex -2) [potion of
                  | mutation]
 51447 | Vaults:1 | Gained mutation: You are dopey. (Int -2) [potion of
                  | mutation]
 51447 | Vaults:1 | Gained mutation: You are partially covered in thin metallic
                  | scales. (AC +2) [potion of mutation]
 51448 | Vaults:1 | Lost mutation: Potions are less effective at restoring your
                  | health. [potion of mutation]
 51448 | Vaults:1 | Lost mutation: You tend to lose your temper in combat.
                  | [potion of mutation]
 51448 | Vaults:1 | Lost mutation: You are dopey. (Int -2) [potion of mutation]
 51448 | Vaults:1 | Lost mutation: You have a pair of small horns on your head.
                  | [potion of mutation]
 51448 | Vaults:1 | Gained mutation: Your flesh is cold resistant. (rC+)
                  | [potion of mutation]
 51511 | Vaults:1 | Noticed Donald
 51527 | Vaults:1 | Killed Donald
 51527 | Vaults:1 | Reached XP level 21. HP: 118/164 MP: 6/38
 52013 | Vaults:1 | Found a runed translucent gate.
 52013 | Vaults:1 | Found a runed translucent gate.
 52013 | Vaults:1 | Found a runed translucent gate.
 52121 | Vaults:1 | Found a glowing silver altar of Zin.
 52172 | Vaults:1 | Identified the ring "Jasuk" {MP+9 Str+4 Dex+4 Stlth+} (You
                  | found it in a wizard's laboratory)
 52341 | Vaults:1 | Identified the +6 war axe "Biffevyt" {protect, *Rage rN+
                  | Dex+8} (You found it on level 1 of the Vaults)
 52549 | Vaults:1 | Reached skill level 15 in Fighting
 52549 | Vaults:1 | Reached skill level 15 in Armour
 52549 | Vaults:1 | Reached skill level 15 in Shields
 53081 | Vaults:1 | Reached skill level 15 in Invocations
 53091 | Vaults:1 | Reached skill level 15 in Unarmed Combat
 53101 | Vaults:1 | Found a runed translucent gate.
 53101 | Vaults:1 | Found a runed translucent gate.
 53107 | Vaults:1 | Found a runed translucent gate.
 53110 | Vaults:1 | Noticed poxu's ghost (adept HaMo)
 53199 | Vaults:1 | Gained mutation: Armour fits poorly on your strangely
                  | shaped body. [a cacodemon]
 53244 | Vaults:1 | Killed poxu's ghost
 53250 | Vaults:1 | Got a dazzling hat
 53274 | Vaults:1 | Gained mutation: Your magical capacity is low. (-10% MP)
                  | [mutagenic glow]
 53286 | Vaults:1 | Lost mutation: Armour fits poorly on your strangely shaped
                  | body. [potion of mutation]
 53286 | Vaults:1 | Lost mutation: Your flesh is cold resistant. (rC+) [potion
                  | of mutation]
 53286 | Vaults:1 | Lost mutation: You have a somewhat thin skeletal structure.
                  | (Dex +2, Stealth) [potion of mutation]
 53286 | Vaults:1 | Lost mutation: Your magical capacity is low. (-10% MP)
                  | [potion of mutation]
 53286 | Vaults:1 | Gained mutation: Your magical capacity is low. (-10% MP)
                  | [potion of mutation]
 53286 | Vaults:1 | Gained mutation: You are clumsy. (Dex -2) [potion of
                  | mutation]
 53286 | Vaults:1 | Gained mutation: You are resistant to hostile enchantments.
                  | (MR+) [potion of mutation]
 53287 | Vaults:1 | Lost mutation: Your magical capacity is low. (-10% MP)
                  | [potion of mutation]
 53287 | Vaults:1 | Lost mutation: You are partially covered in thin metallic
                  | scales. (AC +2) [potion of mutation]
 53287 | Vaults:1 | Lost mutation: You are clumsy. (Dex -2) [potion of
                  | mutation]
 53287 | Vaults:1 | Gained mutation: You occasionally shout uncontrollably at
                  | your foes. [potion of mutation]
 53287 | Vaults:1 | Gained mutation: Your natural rate of healing is unusually
                  | fast. [potion of mutation]
 53380 | Vaults:1 | Identified the +1 hat "Toijaw" {rPois} (You found it on
                  | level 1 of the Vaults)
 53760 | Vaults:2 | Reached XP level 22. HP: 104/172 MP: 40/40
 54385 | Vaults:2 | Found Firagad's Gadget Shop.
 54393 | Vaults:2 | Bought a sack of spiders for 280 gold pieces
 54393 | Vaults:2 | Bought a phantom mirror for 420 gold pieces
 54583 | Vaults:2 | Found Ezekolik's Distillery.
 54598 | Vaults:2 | Bought a potion of might for 68 gold pieces
 54598 | Vaults:2 | Bought a potion of flight for 51 gold pieces
 54598 | Vaults:2 | Bought a potion of agility for 68 gold pieces
 54598 | Vaults:2 | Bought a potion of berserk rage for 85 gold pieces
 54975 | Vaults:2 | Found a staircase to the Crypt.
 55399 | Vaults:3 | Found Xalydu Yquha's Antique Armour Shop.
 55413 | Vaults:3 | Bought a faintly glowing scale mail for 243 gold pieces
 55413 | Vaults:3 | Identified the +6 scale mail of Waqab {rF++ Dex+4 Slay+2}
                  | (You bought it in a shop on level 3 of the Vaults)
 55414 | Vaults:3 | Bought a crude scale mail for 243 gold pieces
 55414 | Vaults:3 | Identified the cursed +1 scale mail of the Arcane {rC+ rN+}
                  | (You bought it in a shop on level 3 of the Vaults)
 55549 | Vaults:3 | Reached skill level 15 in Long Blades
 55638 | Vaults:3 | Found Huehok's Gadget Shop.
 55648 | Vaults:3 | Bought a wand of clouds (6) for 420 gold pieces
 55648 | Vaults:3 | Bought a wand of clouds (3) for 294 gold pieces
 55704 | Vaults:3 | Found Apuen's Gadget Shoppe.
 55706 | Vaults:3 | Found Petof's Assorted Antiques.
 55714 | Vaults:3 | Bought a pair of brightly glowing gloves for 437 gold
                  | pieces
 55714 | Vaults:3 | Identified the cursed +0 pair of gloves of Winter {Int+3}
                  | (You bought it in a shop on level 3 of the Vaults)
 55790 | Vaults:3 | Found Myiran's Armour Boutique.
 56189 | Vaults:3 | Identified the +1 pair of gloves of Dishonour {*Slow rPois
                  | Dex+6 Stlth+} (You found it on level 3 of the Vaults)
 56254 | Vaults:3 | Reached skill level 16 in Unarmed Combat
 56443 | Vaults:4 | Found Yrghem's General Store.
 56963 | Vaults:4 | Found a runed translucent door.
 56963 | Vaults:4 | Noticed cada's ghost (veteran OpTm)
 57097 | Vaults:4 | Reached XP level 23. HP: 81/180 MP: 41/41
 57537 | Vaults:4 | Bought a scroll of teleportation for 54 gold pieces
 57537 | Vaults:4 | Bought a potion of haste for 180 gold pieces
 57830 | Vaults:4 | Killed cada's ghost
 58356 | Shoals:1 | Entered Level 1 of the Shoals
 58480 | Shoals:1 | Found a transporter.
 58618 | Shoals:1 | Found a transporter.
 59089 | Shoals:1 | Identified the Tome of a Hundred Lovers
 59095 | Shoals:1 | Identified the ring of Free Will {rPois Str+3 Int+4} (You
                  | found it on level 1 of the Shoals)
 59108 | Shoals:1 | Identified the ring "Weixtu" {MP-9 AC+4 Str+4 Int+3 SInv}
                  | (You found it on level 1 of the Shoals)
 59716 | Shoals:3 | Found a runed translucent gate.
 59716 | Shoals:3 | Found a runed translucent gate.
 59716 | Shoals:3 | Found a runed translucent gate.
 59727 | Shoals:3 | Noticed finalsalamander's ghost (adept HOMo)
 59925 | Shoals:3 | Killed finalsalamander's ghost
 59931 | Shoals:3 | Identified the cursed ring "Upnaor" {Str+5 Int-2} (You
                  | found it on level 3 of the Shoals)
 60559 | Shoals:4 | Entered Level 4 of the Shoals
 60564 | Shoals:4 | Noticed Ilsuiw
 60628 | Shoals:4 | Killed Ilsuiw
 60633 | Shoals:4 | Reached skill level 15 in Short Blades
 60633 | Shoals:4 | Reached skill level 15 in Axes
 60633 | Shoals:4 | Reached skill level 15 in Maces & Flails
 60633 | Shoals:4 | Reached skill level 15 in Polearms
 60633 | Shoals:4 | Reached skill level 15 in Staves
 60633 | Shoals:4 | Reached skill level 15 in Slings
 60633 | Shoals:4 | Reached skill level 15 in Bows
 60633 | Shoals:4 | Reached skill level 15 in Crossbows
 60633 | Shoals:4 | Reached skill level 15 in Throwing
 60633 | Shoals:4 | Reached skill level 15 in Dodging
 60633 | Shoals:4 | Reached skill level 15 in Stealth
 60633 | Shoals:4 | Reached skill level 15 in Spellcasting
 60633 | Shoals:4 | Reached skill level 15 in Evocations
 60790 | Shoals:4 | Identified the +9 hand axe "Orb Guardian's Peril" {chop,
                  | rElec rF+ rC+}
 60890 | Shoals:4 | Got a barnacled rune of Zot
 61071 | Shoals:4 | Found Dewaquu's Desiderata Depot.
 61094 | Shoals:4 | Identified the amulet "Jiqoridgh" {Spirit rElec Str+4} (You
                  | acquired it on level 4 of the Shoals)
 61198 | Shoals:4 | Reached skill level 17 in Unarmed Combat
 61874 | Vaults:5 | Entered Level 5 of the Vaults
 61875 | Vaults:5 | Noticed a golden dragon
 62320 | Depths:2 | Killed a caustic shrike
 62358 | Depths:2 | Killed a juggernaut
 62456 | Depths:3 | Noticed Aizul
 62470 | Depths:2 | Reached XP level 24. HP: 109/191 MP: 37/42
 62739 | Depths:2 | Killed Aizul
 63363 | Depths:3 | Identified the cursed +1 flail of Guile {elec, MR+ Dex+2}
 63515 | Depths:3 | Found Plog's Specialty Armours.
 63628 | Depths:3 | Noticed Sojobo
 64209 | Vaults:5 | HP: 6/193 [tentacled monstrosity (5)]
 64209 | Vaults:5 | HP: 2/193 [titan (4)]
 64226 | Vaults:4 | Reached skill level 18 in Unarmed Combat
 64644 | Vaults:5 | Noticed an ancient lich
 64656 | Vaults:5 | Reached XP level 25. HP: 127/200 MP: 37/42
 64669 | Vaults:4 | Killed an ancient lich
 65392 | Vaults:5 | Got a silver rune of Zot
 65492 | Vaults:5 | Identified the +3 lajatang of Pecip {slice, *Contam *Drain
                  | rF+ Dex+5}
 65580 | Vaults:5 | Identified the Almanac of Insomnia
 65750 | Vaults:5 | Identified the amulet of Ashenzari's Favour {Inacc Str+3
                  | Int+3} (You found it on level 5 of the Vaults)
 66463 | Depths:3 | Killed Sojobo
 66520 | Depths:3 | Found a one-way gate leading to the halls of Pandemonium.
 66592 | Depths:3 | You fall through a shaft for 2 floors!
 66592 | Depths:5 | Entered Level 5 of the Depths
 67611 | Depths:5 | Found a gate to the Realm of Zot.
 67616 | Depths:5 | Reached skill level 19 in Unarmed Combat
 68014 | Depths:4 | Found a gateway to a ziggurat.
 68069 | Depths:4 | Noticed Boris
 68148 | Depths:4 | Found a one-way gate to the infinite horrors of the Abyss.
 68177 | Depths:4 | Noticed Xtahua
 68191 | Depths:4 | Killed Boris
 68191 | Depths:4 | Reached XP level 26. HP: 185/208 MP: 38/43
 68203 | Depths:4 | Killed Xtahua
 68219 | Depths:4 | Paralysed by a floating eye for 3 turns
 68456 | Depths:4 | Paralysed by a floating eye for 4 turns
 69006 | Depths:3 | Found a portal to a secret trove of treasure.
 69412 | Vaults:3 | Bought the +2 hat of the Bear Spirit {Spirit, +Rage rN+
                  | MR++} for 1798 gold pieces
 69412 | Vaults:3 | Bought 3 scrolls of teleportation for 414 gold pieces
 69412 | Vaults:3 | Found the +2 hat of the Bear Spirit {Spirit, +Rage rN+
                  | MR++}
 70027 | Zot:1    | Entered Level 1 of the Realm of Zot
 70672 | Zot:1    | Demolished by an ettin

Skill      XL: |  1  2  3  4  5  6  7  8  9 10 11 12 13 14 15 16 17 18 19 20 21 22 23 24 25 26 |
---------------+-------------------------------------------------------------------------------+-----
Invocations    | 1 2 3 4 5 6 7 8 9 10 11 12 13 14 15 16 17 | 17.9
Short Blades   | 1 2 3 4 5 6 7 8 9 10 11 12 13 14 15 16 | 16.6
Axes           | 1 2 3 4 5 6 7 8 9 10 11 12 13 14 15 16 | 16.6
Maces & Flails | 1 2 3 4 5 6 7 8 9 10 11 12 13 14 15 16 | 16.6
Polearms       | 1 2 3 4 5 6 7 8 9 10 11 12 13 14 15 16 | 16.6
Staves         | 1 2 3 4 5 6 7 8 9 10 11 12 13 14 15 16 | 16.6
Slings         | 1 2 3 4 5 6 7 8 9 10 11 12 13 14 15 16 | 16.6
Bows           | 1 2 3 4 5 6 7 8 9 10 11 12 13 14 15 16 | 16.6
Crossbows      | 1 2 3 4 5 6 7 8 9 10 11 12 13 14 15 16 | 16.6
Throwing       | 1 2 3 4 5 6 7 8 9 10 11 12 13 14 15 16 | 16.6
Dodging        | 1 2 3 4 5 6 7 8 9 10 11 12 13 14 15 16 | 16.6
Stealth        | 1 2 3 4 5 6 7 8 9 10 11 12 13 14 15 16 | 16.6
Unarmed Combat | 1 2 3 4 5 6 7 8 9 10 11 12 13 14 15 16 17 18 19 | 19.5
Spellcasting   | 1 2 3 4 5 6 7 8 9 10 11 12 13 14 15 16 | 16.6
Evocations     | 1 2 3 4 5 6 7 8 9 10 11 12 13 14 15 16 | 16.6
Conjurations   | 1 2 3 4 5 6 7 8 9 10 11 12 13 14 | 14.3
Hexes          | 1 2 3 4 5 6 7 8 9 10 11 12 13 14 | 14.3
Charms         | 1 2 3 4 5 6 7 8 9 10 11 12 13 14 | 14.3
Summonings     | 1 2 3 4 5 6 7 8 9 10 11 12 13 14 | 14.3
Necromancy     | 1 2 3 4 5 6 7 8 9 10 11 12 13 14 | 14.3
Translocations | 1 2 3 4 5 6 7 8 9 10 11 12 13 14 | 14.3
Transmutations | 1 2 3 4 5 6 7 8 9 10 11 12 13 14 | 14.3
Fire Magic     | 1 2 3 4 5 6 7 8 9 10 11 12 13 14 | 14.3
Ice Magic      | 1 2 3 4 5 6 7 8 9 10 11 12 13 14 | 14.3
Air Magic      | 1 2 3 4 5 6 7 8 9 10 11 12 13 14 | 14.3
Earth Magic    | 1 2 3 4 5 6 7 8 9 10 11 12 13 14 | 14.3
Poison Magic   | 1 2 3 4 5 6 7 8 9 10 11 12 13 14 | 14.3
Long Blades    | 5 6 7 8 9 10 11 12 13 14 15 16 17 | 17.1
Fighting       | 7 8 9 10 11 12 13 14 15 16 17 | 17.6
Armour         | 7 8 9 10 11 12 13 14 15 16 17 | 17.6
Shields        | 7 8 9 10 11 12 13 14 15 16 17 | 17.6

Action                   |  1- 3 |  4- 6 |  7- 9 | 10-12 | 13-15 | 16-18 | 19-21 | 22-24 | 25-27 || total
-------------------------+-------+-------+-------+-------+-------+-------+-------+-------+-------++-------
Melee: Long sword        |    91 |     9 |       |       |       |       |       |       |       ||   100
       Bite              |    14 |    11 |    81 |   163 |   335 |   277 |   330 |   396 |   216 ||  1823
       Dagger            |     6 |    91 |   605 |   435 |       |       |       |       |       ||  1137
       Trident           |       |       |       |   289 |       |       |       |       |       ||   289
       Eveningstar       |       |       |       |   282 |  1534 |  1155 |       |       |       ||  2971
       Double sword      |       |       |       |       |       |   268 |  1343 |  1619 |   766 ||  3996
       Headbutt          |       |       |       |       |       |       |     1 |       |       ||     1
Throw: Tomahawk          |       |       |       |     6 |    13 |       |       |       |       ||    19
       Javelin           |       |       |       |       |    37 |   287 |   172 |    57 |     4 ||   557
 Cast: Alistair's Intoxi |       |       |       |       |       |     1 |     2 |     4 |       ||     7
       Agony             |       |       |       |       |       |       |    61 |     4 |       ||    65
       Regeneration      |       |       |       |       |       |       |     4 |     3 |       ||     7
       Apportation       |       |       |       |       |       |       |     6 |       |       ||     6
       Borgnjor's Vile C |       |       |       |       |       |       |     2 |       |       ||     2
       Lee's Rapid Decon |       |       |       |       |       |       |     1 |       |       ||     1
Evoke: Wand              |       |       |       |    35 |    31 |    23 |     9 |    20 |    11 ||   129
       Sack of spiders   |       |       |       |       |     6 |     3 |     5 |     4 |       ||    18
       Box of beasts     |       |       |       |       |     1 |     2 |       |       |       ||     3
       Phantom mirror    |       |       |       |       |       |     1 |       |       |       ||     1
       Lightning rod     |       |       |       |       |       |       |     2 |       |       ||     2
       Lamp of fire      |       |       |       |       |       |       |     4 |     2 |     2 ||     8
       Fan of gales      |       |       |       |       |       |       |     1 |     1 |       ||     2
  Use: Potion            |       |     1 |       |     6 |    12 |    15 |     9 |     7 |     2 ||    52
       Scroll            |       |       |     6 |     6 |    27 |    14 |     6 |    21 |     7 ||    87
 Stab: Sleeping          |       |     4 |     1 |    10 |    44 |    33 |    39 |    31 |    15 ||   177
       Distracted        |       |       |       |     2 |     1 |     5 |     4 |     5 |     6 ||    23
       Paralysed         |       |       |       |    15 |     7 |     4 |    23 |    15 |    11 ||    75
       Petrified         |       |       |       |       |     1 |       |     3 |     5 |     1 ||    10
       Petrifying        |       |       |       |       |       |     3 |    16 |    10 |     6 ||    35
       Confused          |       |       |       |       |       |       |     4 |     9 |    10 ||    23
  Eat: Chunk             |       |     3 |    10 |    10 |    21 |    15 |    21 |    19 |    12 ||   111
       Ration            |       |       |     1 |     8 |     7 |    10 |    11 |     6 |     2 ||    45
Armor: Scale mail        |    42 |    54 |   154 |   189 |   461 |   626 |   345 |   382 |   134 ||  2387
       Chain mail        |       |       |       |   136 |    93 |    12 |       |       |       ||   241
Dodge: Dodged            |    27 |    46 |   177 |   410 |  1065 |  1396 |   725 |  1093 |   431 ||  5370
Block: Shield            |    66 |    59 |   266 |   670 |  1513 |  1582 |  1240 |  1909 |   741 ||  8046
       Reflection        |       |       |       |       |       |       |    55 |   104 |    19 ||   178
       Rpst.: Long sword |     8 |       |       |       |       |       |       |       |       ||     8
       Double sword      |       |       |       |       |       |    37 |   142 |   174 |    52 ||   405
